 Dungeon Crawl Stone Soup version 0.27-a0-1177-g245c70e1c0 (webtiles) character file.

Game seed: 13326088707011958935

48 freelancePsychic the Stinger (level 3, -2/21 HPs)
             Began as an Octopode Venom Mage on May 16, 2021.
             Killed from afar by Natasha (11 damage)
             ... with a puff of flame
             ... on level 2 of the Dungeon.
             The game lasted 00:04:13 (1962 turns).

freelancePsychic the Stinger (Octopode Venom Mage)  Turns: 1962, Time: 00:04:14

Health: -2/21      AC:  1    Str:  7    XL:     3   Next: 72%
Magic:  1/6        EV: 13    Int: 18    God:
Gold:   46         SH:  0    Dex: 12    Spells: 3/6 levels left

rFire    . . .     SeeInvis .   (no weapon)
rCold    . . .     Faith    .   (no shield)
rNeg     . . .     Spirit   .   (helmet restricted)
rPois    .         Reflect  .   (no amulet)
rElec    .         Harm     .   (no ring)
rCorr    .         Rampage  .   (no ring)
Will     .....                  (no ring)
Stlth    +++.......             (no ring)
HPRegen  0.07/turn              (no ring)
MPRegen  0.10/turn              (no ring)
                                (no ring)
                                (no ring)

@: about to teleport
A: almost no armour, amphibious, 8 rings, camouflage 1, gelatinous body 1,
(nimble swimmer 1), tentacles
a: no special abilities


You were on level 2 of the Dungeon.
You visited 1 branch of the dungeon, and saw 2 of its levels.

You collected 46 gold pieces.

Inventory:

Missiles
 f - 15 stones
Wands
 j - a wand of acid (4)
Scrolls
 a - a scroll of blinking {unknown}
 b - a scroll of enchant weapon {unknown}
 d - a scroll of identify {unknown}
 i - a scroll of teleportation {@r4}
Potions
 c - a potion of lignification {unknown}
 e - a potion of heal wounds {unknown}
 g - 2 potions of resistance {unknown}
 h - a potion of mutation {unknown}


   Skills:
 - Level 2.0 Dodging
 + Level 3.6 Stealth
 - Level 2.0 Spellcasting
 + Level 1.9 Transmutations
 + Level 1.3 Fire Magic
 + Level 4.2 Poison Magic


You had 3 spell levels left.
You knew the following spells:

 Your Spells              Type           Power      Damage    Failure   Level
a - Sting                 Tmut/Pois      48%        1d5       5%          1
b - Poisonous Vapours     Pois/Air       18%        N/A       12%         2

Your spell library contained the following spells:

 Spells                   Type           Power      Damage    Failure   Level
 Ignite Poison            Fire/Tmut/Pois 10%        N/A       21%         3
 Mephitic Cloud           Conj/Pois/Air  6%         N/A       30%         3
 Olgreb's Toxic Radiance  Pois           16%        N/A       32%         4


Dungeon Overview and Level Annotations

Branches:
Dungeon (2/15)

Altars:

Annotations:
D:2 Natasha, Robin, Terence


Innate Abilities, Weirdness & Mutations

You cannot wear most types of armour.
You are amphibious.
You can wear up to eight rings at the same time.
Your skin changes colour to match your surroundings (Stealth+).
Your rubbery body absorbs attacks. (AC +1, EV +1)
((You are camouflaged near water. (Stealth+)))
You have tentacles for arms and can constrict up to eight enemies at once.


Message History

There is a stone staircase leading down here.
Magic restored.
You climb downwards.
Level annotation: Natasha, Robin, Terence
There is a stone staircase leading up here.
Things that are here:
2 stones; a +0 dagger; a kobold skeleton
Casting: Poisonous Vapours (safe; 12% risk of failure)
Confirm with . or Enter, or press ? or * to list all spells.
Aiming: Poisonous Vapours (safe; 12% risk of failure)
Press: ? - help, Dir - move target, f - goblin
Aim: a goblin, wielding a +0 club (asleep) Poisonous vapours surround the goblin!
The goblin shouts!
The goblin is engulfed in poison gas.
The goblin is poisoned.
Casting: Poisonous Vapours (safe; 12% risk of failure)
Confirm with . or Enter, or press ? or * to list all spells.
Aiming: Poisonous Vapours (safe; 12% risk of failure)
Press: ? - help, Dir - move target, f/p - goblin
Aim: a goblin, wielding a +0 club (heavily wounded, poisoned) Poisonous vapours surround the goblin!
You kill the goblin!
Natasha is nearby!
Casting: Poisonous Vapours (safe; 12% risk of failure)
Confirm with . or Enter, or press ? or * to list all spells.
Aiming: Poisonous Vapours (safe; 12% risk of failure)
Press: ? - help, Dir - move target, f - Natasha
Aim: Natasha, carrying a wand of flame (18) (wandering, hasn't noticed you) Poisonous vapours surround Natasha!
Natasha hisses angrily.
Natasha is engulfed in poison gas.
Natasha is poisoned.
Natasha zaps a wand.
The puff of flame hits you!
Ouch! That really hurt!
As you read the scroll labelled JAXAER NIUMP, it crumbles to dust.
You feel strangely unstable.
It was a scroll of teleportation.
Natasha zaps a wand.
The puff of flame hits you!
Ouch! That really hurt!
You die...

....... #....#
....... ..>..
....... ....#
....... ...#
....... ...#
....... #..
.g..... #.#
..g....
########(# #
...).#.
#......@.###..#.
######
######<.........
####.h###....
#..........## .
#.###.###..##..
#.# #.# .....
#.###.###..#..#
#.....#[!..gh.@
#####.#.##.#


You could see Natasha (poisoned).

Vanquished Creatures
  An adder (D:1)
  A gnoll (D:1)
  A dart slug (D:1)
  A ball python (D:1)
  2 bats (D:1)
  An endoplasm (D:1)
  2 giant cockroaches (D:1)
  3 goblins
  5 hobgoblins (D:1)
  3 quokkas (D:1)
  3 kobolds
  A rat (D:1)
24 creatures vanquished.

Notes
Turn   | Place    | Note
-------+----------+-------------------------------------------
     0 | D:1      | freelancePsychic the Octopode Venom Mage began the quest
                  | for the Orb.
     0 | D:1      | Reached XP level 1. HP: 11/11 MP: 3/3
   312 | D:1      | Reached XP level 2. HP: 17/17 MP: 3/5
   548 | D:1      | Found a faded altar of an unknown god.
   896 | D:1      | Reached skill level 4 in Poison Magic
   986 | D:1      | Reached skill level 1 in Fire Magic
  1096 | D:1      | Learned a level 2 spell: Poisonous Vapours
  1420 | D:2      | Reached XP level 3. HP: 21/21 MP: 2/6
  1479 | D:2      | Noticed Terence
  1482 | D:2      | Noticed Natasha
  1484 | D:2      | Noticed Robin
  1612 | D:1      | HP: 1/21 [gnoll/+0 club (3)]
  1962 | D:2      | Killed from afar by Natasha

Illustrated notes

Levels and vault maps discovered:
D:1:      heliophobic_arrival_glass_houses, layout_basic,
          ebering_ecumenical_altar_webs
D:2:      layout_rooms, uniq_natasha, uniq_terence, uniq_robin

Skill      XL: |  1  2 |
---------------+-------+-----
Stealth        | 3 |  3.6
Poison Magic   | 4 |  4.2
Fire Magic     | 1 |  1.3
Dodging        | |  2.0
Spellcasting   | |  2.0
Transmutations | |  1.9

Action                   || total
-------------------------++-------
Melee: Unarmed           ||    15
       Tentacles         ||     3
       Constrict         ||     4
Throw: Stone             ||     2
 Cast: Sting             ||    32
       Poisonous Vapours ||    10
  Use: Scroll            ||     1
 Stab: Sleeping          ||     1
Armor: Skin              ||     4
Dodge: Dodged            ||    26

Table legend: (Time is in decaauts)
 A = Elapsed time spent in this place.
 B = Non-inter-level travel time spent in this place.
 C = Inter-level travel time spent in this place.
 D = Time resting spent in this place.
 E = Time spent auto-exploring this place.
 F = Levels seen in this place.
 G = Mean time per level.
                   A        B        C        D        E       F      G
               +--------+--------+--------+--------+--------+-----+--------+
         Total |   1964 |   1824 |    140 |    355 |   1237 |   2 |  982.0 |
       Dungeon |   1964 |   1824 |    140 |    355 |   1237 |   2 |  982.0 |
               +--------+--------+--------+--------+--------+-----+--------+

Top non-repeatable levels by time:
     D:1: 1867 daAuts
     D:2: 97 daAuts
